 Dungeon Sprint DCSS version 0.31-a0-596-g831eee08f1 (webtiles) character file.

Game seed: 12337491070288300060

2200000 sircluck the Maledictor (level 11, -12/40 HPs)
             Began as a Felid Enchanter on Aug 20, 2023.
             Mangled by a meat berserker
             ... wielding a +9 battleaxe
              (52 damage)
             ... in the Dungeon (Sprint VIII: "Arena of Blood").
             The game lasted 00:00:39 (22 turns).

sircluck the Maledictor (Felid Enchanter)             Turns: 22, Time: 00:00:39

Health: -12/40     AC:  3    Str:  8    XL:     11   Next: 93%
Magic:  31/31      EV: 33    Int: 17    God:
Gold:   0          SH:  0    Dex: 17    Spells: 41/41 levels left
                                        Lives:  0   Deaths: 2

rFire   . .          .
                       - Unarmed
rCold   + . .        (shield unavailable)
rNeg    . . .        (body armour unavailable)
rPois   .            (helmet unavailable)
rElec   .            (cloak unavailable)
rCorr   .            (gloves unavailable)
SInv    +            (boots unavailable)
Will    +....        (no amulet)
Stlth   ++++++++     h - +27000 ring of slaying
HPRegen 0.26/turn    (no ring)
MPRegen 0.22/turn

%: no teleportation
@: quick
A: very small, claws 1, fangs 3, see invisible, speed 1, shaggy fur 3, stealthy
paws, no weapons or thrown items, no armour, multi-lived
a: no special abilities


You were in the Dungeon.
You visited 1 branch

Inventory:

Jewellery
 h - a +27000 ring of slaying (left paw)
Scrolls
 g - a scroll of blinking
Potions
 a - 2 potions of invisibility
 b - a potion of curing
 c - a potion of heal wounds
 d - a potion of haste
 e - 2 potions of magic
 f - a potion of berserk rage


   Skills:
 + Level 21.2 Dodging
 + Level 23.0 Stealth
 + Level 16.6 Unarmed Combat
 + Level 15.5 Spellcasting
 + Level 23.0 Hexes


You had 41 spell levels left.
You didn't know any spells.
Your spell library contained the following spells:

 Spells                   Type           Power      Damage    Failure   Level
 Confusing Touch          Hex            75%        N/A       0%          3
 Tukima's Dance           Hex            75%        N/A       0%          3
 Ensorcelled Hibernation  Hex/Ice        100%       N/A       1%          2
 Dazzling Flash           Conj/Hex       100%       N/A       1%          3


Dungeon Overview and Level Annotations

Branches:
Dungeon (1/1)

Altars:
Makhleb


Innate Abilities, Weirdness & Mutations

You have sharp claws.
You have razor-sharp teeth.
You have supernaturally acute eyesight. (SInv)
You cover ground quickly. (Speed+)
Your thick and shaggy fur keeps you warm. (AC +3, rC+)
Your paws help you pounce on unaware monsters.
You are incapable of wielding weapons or throwing items.
You cannot wear armour.
You gain extra lives every three experience levels.


Message History

A meat berserker comes into view. It is wielding a +9 battleaxe.
A bag of meat comes into view. It is wielding a +9 war axe. x3
The bag of meat shouts! x9
You eviscerate the bag of meat!!!!!!!!!!!!
You kill the bag of meat!
You hear a shout!
A bag of meat comes into view. It is wielding a +9 war axe. x3
The bag of meat hits you with a +9 war axe!!!
Ouch! That really hurt!
You die...
The bag of meat shouts!
You are now level 11!
You rejoin the land of the living...
Your Dodging skill increases to level 21!
Your Stealth skill increases to level 23!
Your Unarmed Combat skill increases to level 16!
Your Spellcasting skill increases to level 15!
Your Hexes skill increases to level 23! 8 bags of meat come into view.
A bag of meat comes into view. It is wielding a +9 war axe.
A meat berserker comes into view. It is wielding a +9 battleaxe.
The bag of meat moves out of view.
The bag of meat shouts!
You hear a shout!
A large bag of meat comes into view. It is wielding a +9 giant spiked club.
A meat berserker comes into view. It is wielding a +9 battleaxe.
You hear a shout!
The destroyer appears out of thin air!
A destroyer comes into view. It is wielding a +9 heavy great sword.
The destroyer appears out of thin air!
A destroyer comes into view. It is wielding a +9 heavy great sword.
The bag of meat shouts! x2; The destroyer shouts!
The bag of meat closely misses you.
A large bag of meat comes into view. It is wielding a +9 giant spiked club.
You hear a shout!
The large bag of meat appears out of thin air!
A large bag of meat comes into view. It is wielding a +9 giant spiked club.
The large bag of meat shouts in stereo!
The meat berserker hits you with a +9 battleaxe!!!
Ouch! That really hurt!
You die...

...#.......#.....#..
........#...o.o†._.....
......O........o###.....
...o..O....###... ..###
........O..#.o.. ..#
..o. .....#...o..o# #o.
V....o..o.....
#o#...oooV....oo
#@.o.o........o.
#.#O....o. #O# o...#..
.o. ....... ##. ...##.#
## .... . ###.. ...


You could see 2 destroyers, 2 large bags of meat, 3 meat berserkers and 14 bags
of meat.

Vanquished Creatures
  An ogre (D)
  3 orcs (D)
4 creatures vanquished.

Notes
Turn   | Place    | Note
-------+----------+-------------------------------------------
     0 | D        | sircluck the Felid Enchanter began the quest for the Orb.
     0 | D        | Reached XP level 1. HP: 7/7 MP: 4/4
     2 | D        | Noticed a bag of meat
     3 | D        | Noticed a bag of meat
     3 | D        | Noticed a meat berserker
     5 | D        | Noticed a bag of meat
     6 | D        | Noticed a bag of meat
     6 | D        | Noticed a bag of meat
     7 | D        | Noticed a bag of meat
     8 | D        | Noticed a bag of meat
     8 | D        | Noticed a bag of meat
     8 | D        | Noticed a bag of meat
     9 | D        | Noticed a meat berserker
    10 | D        | Noticed a bag of meat
    11 | D        | Noticed a bag of meat
    11 | D        | Noticed a bag of meat
    12 | D        | Killed a bag of meat
    12 | D        | Noticed a bag of meat
    12 | D        | Noticed a bag of meat
    12 | D        | Noticed a meat berserker
    13 | D        | Reached skill level 15 in Dodging
    13 | D        | Reached XP level 2. HP: 11/11 MP: 4/15
    13 | D        | Reached XP level 3. HP: 14/14 MP: 4/16
    13 | D        | Reached XP level 4. HP: 18/18 MP: 4/18
    13 | D        | Reached XP level 5. HP: 21/21 MP: 4/19
    13 | D        | Gained mutation: You are covered in thick fur. (AC +2)
                  | [Felid growth]
    13 | D        | Reached XP level 6. HP: 24/24 MP: 4/21
    13 | D        | Reached XP level 7. HP: 27/27 MP: 4/22
    13 | D        | Reached XP level 8. HP: 31/31 MP: 4/24
    13 | D        | Reached XP level 9. HP: 34/34 MP: 4/25
    13 | D        | Reached XP level 10. HP: 37/37 MP: 4/26
    13 | D        | Killed a bag of meat
    14 | D        | Reached XP level 11. HP: 40/40 MP: 4/28
    14 | D        | Killed a meat berserker
    14 | D        | Noticed a meat berserker
    14 | D        | Noticed a bag of meat
    14 | D        | Noticed a destroyer
    14 | D        | Noticed a bag of meat
    14 | D        | Noticed a bag of meat
    15 | D        | Reached skill level 15 in Unarmed Combat
    15 | D        | Gained mutation: Your thick and shaggy fur keeps you warm.
                  | (AC +3, rC+) [Felid growth]
    15 | D        | Reached XP level 12. HP: 41/44 MP: 4/31
    15 | D        | Reached XP level 13. HP: 44/47 MP: 4/32
    15 | D        | Noticed a bag of meat
    15 | D        | Demolished by a meat berserker
    16 | D        | Reached XP level 12. HP: -15/44 MP: 4/31
    16 | D        | Noticed a bag of meat
    16 | D        | Noticed a bag of meat
    16 | D        | Noticed a bag of meat
    16 | D        | Noticed a bag of meat
    16 | D        | Noticed a bag of meat
    16 | D        | Noticed a meat berserker
    16 | D        | Noticed a bag of meat
    16 | D        | Noticed a bag of meat
    16 | D        | Noticed a bag of meat
    17 | D        | Killed a bag of meat
    17 | D        | Noticed a bag of meat
    17 | D        | Noticed a bag of meat
    17 | D        | Noticed a bag of meat
    17 | D        | Slain by a bag of meat
    18 | D        | Reached XP level 11. HP: -2/40 MP: 30/30
    18 | D        | Reached skill level 15 in Spellcasting
    18 | D        | Noticed a bag of meat
    18 | D        | Noticed a bag of meat
    18 | D        | Noticed a bag of meat
    18 | D        | Noticed a bag of meat
    18 | D        | Noticed a bag of meat
    18 | D        | Noticed a bag of meat
    18 | D        | Noticed a bag of meat
    18 | D        | Noticed a bag of meat
    18 | D        | Noticed a bag of meat
    18 | D        | Noticed a meat berserker
    19 | D        | Noticed a large bag of meat
    19 | D        | Noticed a meat berserker
    21 | D        | Noticed a destroyer
    21 | D        | Noticed a destroyer
    21 | D        | Noticed a large bag of meat
    22 | D        | Noticed a large bag of meat
    22 | D        | Mangled by a meat berserker

Illustrated notes

Levels and vault maps discovered:
D:        meatsprint

Skill      XL: |  1  2  3  4  5  6  7  8  9 10 11 |
---------------+----------------------------------+-----
Dodging        | 15 17 21 | 21.2
Stealth        | 16 19 23 | 23.0
Unarmed Combat | 11 13 16 | 16.6
Spellcasting   | 11 12 15 | 15.5
Hexes          | 17 19 23 | 23.0

Action                     |  1- 3 |  4- 6 |  7- 9 | 10-12 | 13-15 || total
---------------------------+-------+-------+-------+-------+-------++-------
  Melee: Unarmed           |     1 |       |       |     3 |       ||     4
  Dodge: Dodged            |       |       |       |     1 |       ||     1

Table legend: (Time is in decaauts)
 A = Elapsed time spent in this place.
 B = Non-inter-level travel time spent in this place.
 C = Inter-level travel time spent in this place.
 D = Time resting spent in this place.
 E = Time spent auto-exploring this place.
 F = Levels seen in this place.
 G = Mean time per level.
                   A        B        C        D        E       F      G
               +--------+--------+--------+--------+--------+-----+--------+
         Total |     18 |     18 |      0 |      0 |      0 |   1 |   18.0 |
       Dungeon |     18 |     18 |      0 |      0 |      0 |   1 |   18.0 |
               +--------+--------+--------+--------+--------+-----+--------+

Top non-repeatable levels by time:
       D: 18 daAuts
